 Dungeon Crawl Stone Soup version 0.26.0-11-g8f856b5395 (webtiles) character file.

Game seed: 13366193454414944899

29 Delamore the Chucker (level 3, -1/23 HPs)
             Began as a Gargoyle Hunter on Jan 15, 2021.
             Slain by a hobgoblin (2 damage)
             ... led by Robin
             ... on level 2 of the Dungeon.
             The game lasted 00:00:53 (990 turns).

Delamore the Chucker (Gargoyle Hunter)               Turns: 990, Time: 00:00:54

Health: -1/23      AC:  6    Str: 16    XL:     3   Next: 16%
Magic:  12/12      EV: 11    Int: 11    God:
Gold:   11         SH:  3    Dex: 10    Spells: 2/2 levels left

rFire    . . .     SeeInvis .   a - +0 short sword
rCold    . . .     Faith    .   e - +0 buckler
rNeg     + . .     Spirit   .   b - +0 leather armour
rPois    ∞         Reflect  .   (no helmet)
rElec    +         Harm     .   (no cloak)
rCorr    .         Rampage  .   (no gloves)
Will     .....                  (no boots)
Stlth    +.........             (no amulet)
HPRegen  0.07/turn              h - ring of magical power
MPRegen  0.13/turn              (no ring)

@: no status effects
A: negative energy resistance 1, electricity resistance, unbreathing,
petrification resistance, miasma immunity, AC +3
a: no special abilities


You were on level 2 of the Dungeon.
You visited 1 branch of the dungeon, and saw 2 of its levels.

You collected 11 gold pieces.

Inventory:

Hand Weapons
 a - a +0 short sword (weapon)
Missiles
 d - a throwing net (quivered)
Armour
 b - a +0 leather armour (worn)
 e - a +0 buckler (worn)
Jewellery
 h - a ring of magical power (left hand)
Scrolls
 f - 2 scrolls of enchant weapon {unknown}
 g - 2 scrolls of enchant armour {unknown}
 j - a scroll of identify {unknown}
Potions
 i - a potion of curing {unknown}


   Skills:
 + Level 3.1 Fighting
 - Level 3.6 Throwing
 + Level 2.0 Armour
 - Level 1.5 Dodging
 - Level 1.1 Stealth


You had 2 spell levels left.
You didn't know any spells.
Your spell library was empty.

Dungeon Overview and Level Annotations

Branches:
Dungeon (2/15)

Altars:

Annotations:
D:2 Robin


Innate Abilities, Weirdness & Mutations

You are resistant to torment.
Your stone body is resilient. (AC +3)
You are immune to poison.
You resist negative energy. (rN+)
You are resistant to electric shocks. (rElec)
You can survive without breathing.
You are immune to petrification.
You are immune to miasma.


Message History

Robin hits you with a +3 short sword of speed.
* * * LOW HITPOINT WARNING * * *
The hobgoblin barely misses you.
You hit Robin but do no damage.
Robin is almost dead.
Robin closely misses you. The hobgoblin hits you.
* * * LOW HITPOINT WARNING * * *
Robin hits you but does no damage.
You completely miss Robin.
Robin is almost dead.
Robin hits you but does no damage.
The hobgoblin hits you but does no damage.
You barely miss Robin.
Robin is almost dead.
Robin laughs in a distinctly smug fashion.
Robin hits you but does no damage. You block the hobgoblin's attack.
You hit Robin but do no damage.
Robin is almost dead.
Robin barely misses you. The hobgoblin hits you.
You die...

#.# #>. #.# # #.######
#.#......########
#.#.####.#......###
#..............<...
########.####.#.########
)...ggg@†..(#.#.#
#######g..#.#.#.# #...#
#.#.# #..........
#.#.#.#.#.. #.#.#.#.#..
#.#.# #.#... #(#.#


You could see Robin and 3 hobgoblins.

Vanquished Creatures
  A dart slug (D:1)
  A leopard gecko (D:1)
  2 bats (D:1)
  2 giant cockroaches (D:1)
  2 hobgoblins (D:1)
  4 jackals (D:1)
  3 frilled lizards (D:1)
  5 goblins
  A kobold (D:1)
  3 rats (D:1)
24 creatures vanquished.

Notes
Turn   | Place    | Note
-------+----------+-------------------------------------------
     0 | D:1      | Delamore the Gargoyle Hunter began the quest for the Orb.
     0 | D:1      | Reached XP level 1. HP: 12/12 MP: 1/1
   230 | D:1      | Reached skill level 1 in Armour
   230 | D:1      | Reached XP level 2. HP: 18/18 MP: 2/2
   752 | D:1      | Reached XP level 3. HP: 21/23 MP: 3/3
   975 | D:2      | Noticed Robin
   987 | D:2      | HP: 1/23 [hobgoblin[Robin] (2)]
   990 | D:2      | Slain by a hobgoblin

Illustrated notes

Levels and vault maps discovered:
D:1:      wheals_arrival_shading, layout_rooms, chequers_serial_rivers_room_b,
          minmay_misc_feat_roman, minmay_tetromino_o4
D:2:      layout_basic, nicolae_ru_the_path_less_chosen,
          gammafunk_temple_overflow_statue, minmay_increasing_density,
          uniq_robin

Skill      XL: |  1  2  3 |
---------------+----------+-----
Armour         | 1 2 |  2.0
Fighting       | 3 |  3.1
Throwing       | |  3.6
Dodging        | |  1.5
Stealth        | |  1.1

Action                   || total
-------------------------++-------
Melee: Short sword       ||    79
Throw: Javelin           ||    11
       Throwing net      ||     1
Armor: Leather armour    ||    40
Dodge: Dodged            ||    62
Block: Buckler           ||    17
